 Dungeon Crawl Stone Soup version bcrawl-1.14 (webtiles) character file.

Game seed: 2507240459215349713

73 torrenera the Magician (level 4, 0/33 HPs)
             Began as an Oni Wizard on Sept 6, 2019.
             Slain by a jackal (1 damage)
             ... on level 3 of the Dungeon.
             The game lasted 00:06:21 (2451 turns).

torrenera the Magician (Oni Wizard)                 Turns: 2451, Time: 00:06:22

Health: 0/33       AC:  2    Str: 10    XL:     4   Next: 27%
Magic:  0/10       EV: 12    Int: 21    God:
Gold:   86         SH:  0    Dex:  9    Spells: 1/9 levels left

rFire    . . .     SeeInvis .   a - +0 staff
rCold    . . .     Gourm    .   (no shield)
rNeg     . . .     Faith    .   b - +0 animal skin
rPois    .         Spirit   .   c - +0 hat
rElec    .         Reflect  .   (no cloak)
rCorr    .         Harm     .   (no gloves)
MR       .....                  (no boots)
Stlth    ++........             (no amulet)
HPRegen  0.11/turn              (no ring)
MPRegen  0.12/turn              (no ring)

@: flying
A: oni magic, claws 1, fangs 1, horns 1
a: no special abilities


You were on level 3 of the Dungeon.
You were very hungry.

You visited 1 branch of the dungeon, and saw 3 of its levels.

You collected 86 gold pieces.

Inventory:

Hand Weapons
 a - a +0 staff (weapon)
 g - a cursed -2 club
Armour
 b - a +0 animal skin (worn)
 c - a +0 hat (worn)
Scrolls
 e - 3 scrolls of identify {unknown}
 h - a scroll of fog {unknown}
Potions
 i - a potion of flight
Comestibles
 f - 3 rations {!d}


   Skills:
 - Level 1.7 Dodging
 - Level 1.7 Stealth
 * Level 1.4 Unarmed Combat
 + Level 3.2 Spellcasting


You had one spell level left.
You knew the following spells:

 Your Spells              Type           Power        Failure   Level  Hunger
a - Magic Dart            Conj           ###.         2%          1    None
b - Blink                 Tloc           N/A          4%          2    ##.....
c - Call Imp              Summ           ###.....     4%          2    ##.....
d - Conjure Flame         Conj/Fire      ###.....     10%         3    ###....

Your spell library contained the following spells:

 Spells                   Type           Power        Failure   Level  Hunger
 Pain                     Necr           ###.         2%          1    None
 Slow                     Hex            ###.....     2%          1    None
 Searing Ray              Conj           ###...       4%          2    ##.....
 Mephitic Cloud           Conj/Pois/Air  ###.....     11%         3    ###....


Dungeon Overview and Level Annotations

Branches:
Dungeon (3/12)

Altars:


Innate Abilities, Weirdness & Mutations

You learn spells by gaining experience, not through books or religion.
You only train spellcasting to practice magic.
You have sharp fingernails.
You have very sharp teeth.
You have a pair of small horns on your head.


Message History

A jackal comes into view.
The jackal barks!
You hear a bark!
A jackal comes into view.
The jackal closely misses you.
Casting: Call Imp (safe; 4% risk of failure)
Confirm with . or Enter, or press ? or * to list all spells.
You blink.
An adder comes into view.
Your crimson imp closely misses the sky beast.
The sky beast flickers out of sight!
Deactivating autopickup; reactivate with Ctrl-A.
Unknown command.
It was a potion of flight.
You feel very buoyant.
You fly up into the air.
The jackal closely misses you.
Casting: Blink (safe; 4% risk of failure)
Confirm with . or Enter, or press ? or * to list all spells.
A beastly little devil appears in a puff of flame.
The jackal bites you.
You die...

#.####### #.#.....##
##.<......## .
#......!...# .#
.............# ###.
.............# #.... .
...#......55.####..##...
..!#........5.....5.....
....#.......hh.h@......#
.............#######...S
..<........ .
......h..... .....h.....
...h....## ......#


You could see an adder (sleeping), 3 jackals and 4 friendly crimson imps.

Vanquished Creatures
  An adder (D:2)
  An ooze (D:2)
  4 worms
  A dart slug (D:1)
  2 leopard geckos
  2 giant cockroaches (D:1)
  4 goblins (D:1)
  6 hobgoblins
  2 kobolds
  A quokka (D:2)
  5 bats
  2 frilled lizards
  2 rats (D:2)
33 creatures vanquished.

Vanquished Creatures (collateral kills)
  Terence (D:2)
  A hobgoblin (D:2)
2 creatures vanquished.

Grand Total: 35 creatures vanquished

Notes
Turn   | Place    | Note
-------+----------+-------------------------------------------
     0 | D:1      | torrenera the Oni Wizard began the quest for the Orb.
     0 | D:1      | Reached XP level 1. HP: 14/14 MP: 5/5
   406 | D:1      | Reached XP level 2. HP: 20/20 MP: 4/7
   439 | D:1      | Learned a level 2 spell: Blink
   442 | D:1      | Learned a level 2 spell: Call Imp
   963 | D:1      | Reached skill level 1 in Unarmed Combat
   963 | D:1      | Reached XP level 3. HP: 23/26 MP: 9/9
  1035 | D:2      | Noticed Terence
  1047 | D:2      | Killed Terence
  1321 | D:2      | Reached skill level 3 in Spellcasting
  1649 | D:2      | Reached XP level 4. HP: 33/33 MP: 10/10
  1657 | D:2      | Learned a level 3 spell: Conjure Flame
  2432 | D:3      | Noticed a sky beast
  2445 | D:3      | HP: 1/33 [jackal (2)]
  2451 | D:3      | Slain by a jackal

Skill      XL: |  1  2  3 |
---------------+----------+-----
Unarmed Combat | 1 |  1.4
Spellcasting   | 3 |  3.2
Dodging        | |  1.7
Stealth        | |  1.7

Action                   |  1- 3 |  4- 6 || total
-------------------------+-------+-------++-------
Melee: Staff             |    50 |    17 ||    67
       Headbutt          |     6 |     1 ||     7
       Bite              |     4 |     1 ||     5
       Punch             |     1 |       ||     1
 Cast: Magic Dart        |    43 |    20 ||    63
       Call Imp          |     5 |     4 ||     9
       Blink             |       |     1 ||     1
  Use: Potion            |       |     1 ||     1
 Stab: Sleeping          |     3 |     3 ||     6
  Eat: Chunk             |     3 |     1 ||     4
Armor: Animal skin       |    13 |     1 ||    14
Dodge: Dodged            |    38 |    10 ||    48
